 Dungeon Crawl Stone Soup version 0.18-a0-1140-g8540535 (webtiles) character file.

25 namelastname112 the Skirmisher (level 2, 0/26 HPs)
             Began as a Draconian Wanderer on Jan 21, 2016.
             Succumbed to an adder's poison
             ... on level 2 of the Dungeon.
             The game lasted 00:02:12 (1437 turns).

namelastname112 the Skirmisher (Draconian Wanderer) Turns: 1437, Time: 00:02:13

Health: 0/26       AC:  4    Str: 13    XL:     2   Next: 82%
Magic:  5/5        EV: 12    Int: 11    God:
Gold:   42         SH:  0    Dex: 12    Spells: 0 memorised, 5 levels left

rFire  . . .     SeeInvis .     k - +0 dagger
rCold  . . .     Gourm    .     (armour unavailable)
rNeg   . . .     Faith    .     (no shield)
rPois  .         Spirit   .     (helmet restricted)
rElec  .         Dismiss  .     (no cloak)
rCorr  .         Reflect  .     (no gloves)
SustAt .         Harm     .     (no boots)
MR     .....     Clarity  +     (no amulet)
Stlth  +.........               (no ring)
                                i - ring of wizardry

@: lethally poisoned (0 -> -13), flying, not resistant to hostile enchantments,
very unstealthy
A: unfitting armour, horns 2, clarity, wild magic 1, cold-blooded, AC +4
a: no special abilities


You were on level 2 of the Dungeon.
You were hungry.

You visited 1 branch of the dungeon, and saw 2 of its levels.

You collected 42 gold pieces.

Inventory:

Hand Weapons
 k - a +0 dagger (weapon)
Missiles
 h - 73 stones (quivered)
Armour
 c - a +0 buckler
Jewellery
 i - a ring of wizardry (left hand)
 m - an uncursed ring of positive energy {unknown}
Scrolls
 d - a scroll of remove curse {unknown}
 l - a scroll of identify {unknown}
Potions
 j - a potion of resistance {unknown}
Books
 a - a book of Geomancy

   Spells                             Type                      Level
   a - Sandblast                      Earth                        1
   b - Stoneskin                      Transmutation/Earth          2
   c - Passwall                       Transmutation/Earth          3
   d - Stone Arrow                    Conjuration/Earth            3
   e - Petrify                        Transmutation/Earth          4
   f - Lee's Rapid Deconstruction     Earth                        5
 b - the Compendium of Ignition

   Spells                             Type                      Level
   a - Flame Tongue                   Conjuration/Fire             1
   b - Ignite Poison                  Fire/Transmutation/Poison    3
Comestibles
 f - a bread ration


   Skills:
 + Level 3.0 Fighting
   Level 0.2 Maces & Flails
   Level 1.0 Polearms
 + Level 1.4 Dodging
 - Level 2.0 Shields
 - Level 2.0 Spellcasting
   Level 1.7 Charms
   Level 1.0 Earth Magic


You had 5 spell levels left.
You didn't know any spells.

Dungeon Overview and Level Annotations

Branches:
Dungeon (2/15)

Altars:


Innate Abilities, Weirdness & Mutations

Your plain brown scales are hard (AC +4).
Your body does not fit into most forms of armour.
You are cold-blooded and may be slowed by cold attacks.
You have a pair of horns on your head.
You possess an exceptional clarity of mind.
Your spells are a little harder to cast, but a little more powerful.


Message History

Drink which item? (? for menu, Esc to quit)
It was a potion of beneficial mutation.
You feel less in control of your magic.
You feel fantastic!
* * * LOW HITPOINT WARNING * * *
You feel sick. The adder bites you.
* * * LOW HITPOINT WARNING * * *
You are more poisoned.
The adder poisons you!
Drink which item? (? for menu, Esc to quit)
It was a potion of mutation.
You feel extremely strange. A pair of horns grows on your head!
Your thoughts seem clearer.
The horns on your head grow some more.
* * * LOW HITPOINT WARNING * * *
You feel sick. The adder bites you but does no damage.
Drink which item? (? for menu, Esc to quit)
It was a potion of flight.
You feel very buoyant.
You fly up into the air.
You die...

# #. #.. #...####
#......# ##
#...##.## ..#
#.......# ###..#
######..#####...
##.@SJ.#.# ... ####
####....## ....
#...#######...#...>.
..?..#..............
........(†..........
....................
.......J.([.........
..........).........
....................


You could see an ooze and an adder.

Vanquished Creatures
  An ooze (D:1)
  2 giant geckos (D:1)
  3 goblins
  3 hobgoblins
  3 kobolds
  A quokka (D:2)
  2 bats (D:1)
  2 giant newts
17 creatures vanquished.

Notes
Turn   | Place    | Note
--------------------------------------------------------------
     0 | D:1      | namelastname112 the Draconian Wanderer began the quest for the Orb.
     0 | D:1      | namelastname112 set off with: a book of Geomancy, the Compendium of Ignition, a +0 buckler, a +0 club, a bread ration
     0 | D:1      | Reached XP level 1. HP: 17/17 MP: 3/3
     5 | D:1      | Identified the Compendium of Ignition
   706 | D:1      | Reached skill level 1 in Dodging
   706 | D:1      | Reached XP level 2. HP: 25/25 MP: 5/5
  1403 | D:2      | Reached skill level 3 in Fighting
  1435 | D:2      | Gained mutation: Your spells are a little harder to cast, but a little more powerful. [potion of beneficial mutation]
  1436 | D:2      | Gained mutation: You have a pair of small horns on your head. [potion of mutation]
  1436 | D:2      | Gained mutation: You possess an exceptional clarity of mind. [potion of mutation]
  1436 | D:2      | Gained mutation: You have a pair of horns on your head. [potion of mutation]
  1436 | D:2      | HP: 1/26 [poisoned by an adder]
  1437 | D:2      | Succumbed to an adder's poison

Vault maps used:
D:1:      dpeg_arrival_solitude
D:2:      first_bread, grunt_pakellas_salt

Action                   || total
-------------------------++-------
Melee: Club              ||    47
       Dagger            ||    41
  Use: Potion            ||     3
  Eat: Chunk             ||     1
